SKY
MINNESOTA TWINS @ CLEVELAND INDIANS
04/23/2052
 
TOP OF THE 1ST
Minnesota Twins batting - Pitching for Cleveland Indians : RHP Rafael Antonello
Pitching: RHP Rafael Antonello
Batting: LHB Dan Crain 0-0: Bunted foul
0-1: Ball
1-1: Swinging Strike
1-2: Strikes out swinging
Batting: RHB Samuel Everhart 0-0: Called Strike
0-1: Foul Ball, location: 23FF
0-2: Foul Ball, location: 5DF
0-2: Ball
1-2: Strikes out swinging
Batting: LHB Stanfield Reaves 0-0: Called Strike
0-1: Ball
1-1: Foul Ball, location: 2F
1-2: Ball
2-2: Foul Ball, location: 7LSF
2-2: Strikes out looking
Top of the 1st over - 0 runs, 0 hits, 0 errors, 0 left on base; Minnesota 0 - Cleveland 0
BOTTOM OF THE 1ST
Cleveland Indians batting - Pitching for Minnesota Twins : RHP Bertram Rosenberger
Pitching: RHP Bertram Rosenberger
Batting: RHB Cowboy Beyer 0-0: Ball
1-0: Swinging Strike
1-1: Ball
2-1: Called Strike
2-2: Foul Ball, location: 2F
2-2: Fly out, F9 (Flyball, 9D, EV 89.4 MPH)
Batting: LHB Jonathan DeMarino 0-0: Foul Ball, location: 9LSF
0-1: Ball
1-1: Ball
2-1: Foul Ball, location: 23FF
2-2: Ball
3-2: SINGLE (Line Drive, 5D, EV 103.1 MPH)
Batting: RHB Chia-Wei Ni 0-0: Ball
1-0: Swinging Strike
1-1: Ball
2-1: Called Strike
2-2: Strikes out looking
Batting: LHB Harrison Waite 0-0: Ball
1-0: Ground out 4-3 (Groundball, 4S, EV 85.0 MPH)
Bottom of the 1st over - 0 runs, 1 hit, 0 errors, 1 left on base; Minnesota 0 - Cleveland 0
TOP OF THE 2ND
Minnesota Twins batting - Pitching for Cleveland Indians : RHP Rafael Antonello
Batting: RHB Nick Haftel 0-0: Swinging Strike
0-1: Ball
1-1: SINGLE (Groundball, 56S, EV 63.8 MPH) (infield hit)
Batting: LHB Archer Charles 0-0: Grounds into double play, 4-6-3 (Groundball, 34, EV 90.0 MPH)
Batting: RHB Raul Cathey 0-0: Called Strike
0-1: Foul Ball, location: 2F
0-2: Ground out 4-3 (Groundball, 4, EV 93.8 MPH)
Top of the 2nd over - 0 runs, 1 hit, 0 errors, 0 left on base; Minnesota 0 - Cleveland 0
BOTTOM OF THE 2ND
Cleveland Indians batting - Pitching for Minnesota Twins : RHP Bertram Rosenberger
Batting: LHB Anibal Gaines 0-0: Called Strike
0-1: Called Strike
0-2: Foul Ball, location: 5FF
0-2: Ball
1-2: Ball
2-2: Ball
3-2: Fly out, F9 (Line Drive, 89M, EV 85.6 MPH)
Batting: RHB Antony Olguin 0-0: Ball
1-0: Foul Ball, location: 9LSF
1-1: Foul Ball, location: 25F
1-2: Ground out 5-3 (Groundball, 56S, EV 63.8 MPH)
Batting: SHB Bryce Rudzinski 0-0: Called Strike
0-1: Ball
1-1: Foul Ball, location: 3FF
1-2: Fly out, F8 (Flyball, 8LD, EV 94.4 MPH)
Bottom of the 2nd over - 0 runs, 0 hits, 0 errors, 0 left on base; Minnesota 0 - Cleveland 0
TOP OF THE 3RD
Minnesota Twins batting - Pitching for Cleveland Indians : RHP Rafael Antonello
Batting: LHB Rusty Holmes 0-0: Ball
1-0: Swinging Strike
1-1: Called Strike
1-2: Foul Ball, location: 5F
1-2: Strikes out swinging
Batting: RHB Jordi Ortiz 0-0: Called Strike
0-1: Foul Ball, location: 3DF
0-2: Fly out, F8 (Flyball, 8LXD, EV 85.0 MPH)
Batting: RHB Isiah Crudup 0-0: Called Strike
0-1: Ball
1-1: Ball
2-1: Swinging Strike
2-2: Ball
3-2: Strikes out swinging
Top of the 3rd over - 0 runs, 0 hits, 0 errors, 0 left on base; Minnesota 0 - Cleveland 0
BOTTOM OF THE 3RD
Cleveland Indians batting - Pitching for Minnesota Twins : RHP Bertram Rosenberger
Batting: RHB Cory Martínez 0-0: Ball
1-0: Fly out, F5 (Line Drive, 56, EV 63.8 MPH)
Batting: SHB Steven Nealy 0-0: Ball
1-0: Ball
2-0: Foul Ball, location: 2F
2-1: Ball
3-1: Base on Balls
Batting: RHB Cowboy Beyer 0-0: Called Strike
0-1: Called Strike
0-2: Ball
1-2: Strikes out swinging
Batting: LHB Jonathan DeMarino 0-0: Called Strike
0-1: Ball
1-1: Ball
2-1: Ball
3-1: 2-RUN HOME RUN (Flyball, 9D, EV 98.1 MPH), Distance : 363 ft
Batting: RHB Chia-Wei Ni 0-0: Foul Ball, location: 3SF
0-1: Ball
1-1: Called Strike
1-2: DOUBLE (Flyball, 8RXD, EV 97.5 MPH)
Batting: LHB Harrison Waite 0-0: Ball
1-0: Ball
2-0: Called Strike
2-1: Foul Ball, location: 2F
2-2: Foul Ball, location: 3F
2-2: Ball
3-2: Foul Ball, location: 2F
3-2: DOUBLE (Line Drive, 78D, EV 105.6 MPH)
Chia-Wei Ni scores
Batting: LHB Anibal Gaines 0-0: Ground out 4-3 (Groundball, 4, EV 98.1 MPH)
Bottom of the 3rd over - 3 runs, 3 hits, 0 errors, 1 left on base; Minnesota 0 - Cleveland 3
TOP OF THE 4TH
Minnesota Twins batting - Pitching for Cleveland Indians : RHP Rafael Antonello
Batting: LHB Dan Crain 0-0: Ball
1-0: Called Strike
1-1: Fly out, F6 (Line Drive, 6D, EV 70.6 MPH)
Batting: RHB Samuel Everhart 0-0: Fly out, F8 (Line Drive, 8LD, EV 88.8 MPH)
Batting: LHB Stanfield Reaves 0-0: Ball
1-0: Foul Ball, location: 25F
1-1: Ball
2-1: Foul Ball, location: 23F
2-2: Ground out 4-3 (Groundball, 4, EV 81.9 MPH)
Top of the 4th over - 0 runs, 0 hits, 0 errors, 0 left on base; Minnesota 0 - Cleveland 3
BOTTOM OF THE 4TH
Cleveland Indians batting - Pitching for Minnesota Twins : RHP Bertram Rosenberger
Batting: RHB Antony Olguin 0-0: Called Strike
0-1: Foul Ball, location: 2F
0-2: Ball
1-2: Foul Ball, location: 2F
1-2: Ball
2-2: Ball
3-2: Fly out, F9 (Line Drive, 9, EV 110.0 MPH)
Batting: SHB Bryce Rudzinski 0-0: Called Strike
0-1: Ball
1-1: Swinging Strike
1-2: Strikes out swinging
Batting: RHB Cory Martínez 0-0: Called Strike
0-1: Foul Ball, location: 5DF
0-2: Ball
1-2: Strikes out swinging
Bottom of the 4th over - 0 runs, 0 hits, 0 errors, 0 left on base; Minnesota 0 - Cleveland 3
TOP OF THE 5TH
Minnesota Twins batting - Pitching for Cleveland Indians : RHP Rafael Antonello
Batting: RHB Nick Haftel 0-0: Ball
1-0: Ground out 1-3 (Groundball, 13S, EV 73.1 MPH)
Batting: LHB Archer Charles 0-0: Fly out, F9 (Flyball, 9LD, EV 88.1 MPH)
Batting: RHB Raul Cathey 0-0: Ball
1-0: Ball
2-0: Foul Ball, location: 25F
2-1: Fly out, F7 (Flyball, 7LSF, EV 88.1 MPH)
Top of the 5th over - 0 runs, 0 hits, 0 errors, 0 left on base; Minnesota 0 - Cleveland 3
BOTTOM OF THE 5TH
Cleveland Indians batting - Pitching for Minnesota Twins : RHP Bertram Rosenberger
Batting: SHB Steven Nealy 0-0: Called Strike
0-1: Foul Ball, location: 25FF
0-2: Ball
1-2: Foul Ball, location: 25FF
1-2: Ground out U3 (Groundball, 34S, EV 91.3 MPH)
Batting: RHB Cowboy Beyer 0-0: Called Strike
0-1: Foul Ball, location: 25F
0-2: Foul Ball, location: 7LMF
0-2: Ball
1-2: Ball
2-2: Ball
3-2: Foul Ball, location: 5SF
3-2: Base on Balls
Batting: LHB Jonathan DeMarino 0-0: Foul Ball, location: 2F
0-1: Ball
1-1: Ball
2-1: Hit by Pitch
Cowboy Beyer to second
Batting: RHB Chia-Wei Ni 0-0: Called Strike
0-1: Ball
1-1: Grounds into double play, 6-4-3 (Groundball, 6, EV 110.0 MPH)
Bottom of the 5th over - 0 runs, 0 hits, 0 errors, 1 left on base; Minnesota 0 - Cleveland 3
TOP OF THE 6TH
Minnesota Twins batting - Pitching for Cleveland Indians : RHP Rafael Antonello
Batting: LHB Rusty Holmes 0-0: Ball
1-0: Ball
2-0: Called Strike
2-1: Ball
3-1: Base on Balls
Batting: RHB Jordi Ortiz 0-0: Ball
Wild Pitch!
Rusty Holmes to second
1-0: Ball
2-0: Ground out 6-3 (Groundball, 6S, EV 73.1 MPH)
Batting: RHB Isiah Crudup 0-0: Called Strike
0-1: Called Strike
0-2: SINGLE (Flyball, 7S, EV 94.4 MPH)
Rusty Holmes to third
Batting: LHB Dan Crain 0-0: Called Strike
0-1: Ball
1-1: Fielders Choice at home, 4-2 (Groundball, 4M, EV 91.3 MPH)
Isiah Crudup to second
Batting: RHB Samuel Everhart 0-0: Ball
1-0: Swinging Strike
1-1: SINGLE (Line Drive, 8LS, EV 84.4 MPH)
Isiah Crudup to third
Dan Crain to second
Runner from 3rd tries for Home, SAFE, throw by CF to home
Batting: LHB Stanfield Reaves 0-0: Ball
1-0: Ball
2-0: Swinging Strike
2-1: Fielders Choice at 2nd, 6-4 (Groundball, 56, EV 83.8 MPH)
Top of the 6th over - 1 run, 2 hits, 0 errors, 2 left on base; Minnesota 1 - Cleveland 3
BOTTOM OF THE 6TH
Cleveland Indians batting - Pitching for Minnesota Twins : RHP Bertram Rosenberger
Pitching: LHP Gabriel McClanahan
Batting: LHB Harrison Waite 0-0: Foul Ball, location: 2F
0-1: Swinging Strike
0-2: Foul Ball, location: 2F
0-2: Ball
1-2: Strikes out swinging
Batting: LHB Anibal Gaines 0-0: Foul Ball, location: 2F
0-1: Swinging Strike
0-2: Ball
1-2: Foul Ball, location: 7LMF
1-2: Ball
2-2: Strikes out swinging
Batting: RHB Antony Olguin 0-0: Called Strike
0-1: Swinging Strike
0-2: Strikes out looking
Bottom of the 6th over - 0 runs, 0 hits, 0 errors, 0 left on base; Minnesota 1 - Cleveland 3
TOP OF THE 7TH
Minnesota Twins batting - Pitching for Cleveland Indians : RHP Rafael Antonello
Batting: RHB Nick Haftel 0-0: Foul Ball, location: 2F
0-1: Called Strike
0-2: SINGLE (Groundball, 4MD, EV 103.8 MPH)
Batting: LHB Archer Charles 0-0: Called Strike
0-1: SINGLE (Groundball, 34D, EV 96.9 MPH)
Nick Haftel to second
Runner from 2nd tries for 3rd, SAFE, throw by RF made to third
Batting: RHB Raul Cathey 0-0: Ball
1-0: Ball
2-0: Ball
3-0: Called Strike
3-1: Called Strike
3-2: Foul Ball, location: 3F
3-2: Fly out, F3 (Popup, 3L, EV 70.6 MPH)
Batting: LHB Rusty Holmes 0-0: Fielders Choice at 2nd, 2-4 (Groundball, 15S, EV 61.9 MPH)
Pitching: RHP Andrea Rivero
Batting: RHB Jordi Ortiz 0-0: Called Strike
0-1: Foul Ball, location: 7LSF
0-2: Ball
1-2: Foul Ball, location: 2F
1-2: Foul Ball, location: 2LF
1-2: Hit by Pitch
Rusty Holmes to second
Pinch Hitting: LHB Ra Williams 0-0: Called Strike
0-1: Foul Ball, location: 2F
0-2: Ball
1-2: Foul Ball, location: 7LDF
1-2: Ball
2-2: Fly out, F7 (Flyball, 7LM, EV 91.3 MPH)
Top of the 7th over - 0 runs, 2 hits, 0 errors, 3 left on base; Minnesota 1 - Cleveland 3
BOTTOM OF THE 7TH
Cleveland Indians batting - Pitching for Minnesota Twins : LHP Gabriel McClanahan
Now at SS: Jake Sacco
Batting: SHB Bryce Rudzinski 0-0: Ball
1-0: Ball
2-0: Ball
3-0: Base on Balls
Batting: RHB Cory Martínez 0-0: Called Strike
0-1: Ball
1-1: Ball
2-1: Foul Ball, location: 5SF
2-2: Strikes out looking
Pitching: LHP Aaron Murray
Batting: SHB Steven Nealy 0-0: Ball
1-0: Ball
2-0: Foul Ball, location: 2F
2-1: Foul Ball, location: 3SF
2-2: Strikes out swinging
Batting: RHB Cowboy Beyer 0-0: Fielders Choice at 2nd, 6-4 (Groundball, 56, EV 90.0 MPH)
Bottom of the 7th over - 0 runs, 0 hits, 0 errors, 1 left on base; Minnesota 1 - Cleveland 3
TOP OF THE 8TH
Minnesota Twins batting - Pitching for Cleveland Indians : RHP Andrea Rivero
Batting: LHB Dan Crain 0-0: Called Strike
0-1: Ball
1-1: Ball
2-1: Foul Ball, location: 7LSF
2-2: SINGLE (Line Drive, 34D, EV 103.8 MPH)
Batting: RHB Samuel Everhart 0-0: Called Strike
0-1: Ball
1-1: Ball
2-1: Swinging Strike
2-2: Ball
3-2: Ground out U3 (Groundball, 34S, EV 89.4 MPH)
Dan Crain to second
Pitching: LHP Cesaro Cavazos
Batting: LHB Stanfield Reaves 0-0: Called Strike
0-1: Ground out 4-3 (Groundball, 4, EV 86.3 MPH)
Dan Crain to third
Batting: RHB Nick Haftel 0-0: Ball
1-0: Ball
2-0: Fly out, F5 (Line Drive, 5, EV 68.8 MPH)
Top of the 8th over - 0 runs, 1 hit, 0 errors, 1 left on base; Minnesota 1 - Cleveland 3
BOTTOM OF THE 8TH
Cleveland Indians batting - Pitching for Minnesota Twins : LHP Aaron Murray
Batting: LHB Jonathan DeMarino 0-0: Called Strike
0-1: Called Strike
0-2: Strikes out swinging
Batting: RHB Chia-Wei Ni 0-0: Ball
1-0: Ball
2-0: Called Strike
2-1: Foul Ball, location: 2F
2-2: Foul Ball, location: 25FF
2-2: Ball
3-2: Strikes out looking
Batting: LHB Harrison Waite 0-0: Called Strike
0-1: Swinging Strike
0-2: Ball
1-2: Strikes out looking
Bottom of the 8th over - 0 runs, 0 hits, 0 errors, 0 left on base; Minnesota 1 - Cleveland 3
TOP OF THE 9TH
Minnesota Twins batting - Pitching for Cleveland Indians : LHP Cesaro Cavazos
Batting: LHB Archer Charles 0-0: SINGLE (Groundball, 34D, EV 103.8 MPH)
Batting: RHB Raul Cathey 0-0: Called Strike
0-1: Ball
1-1: Called Strike
1-2: Ball
2-2: Foul Ball, location: 2F
2-2: Foul Ball, location: 2LF
2-2: Ball
3-2: Foul Ball, location: 2RF
3-2: Base on Balls
Archer Charles to second
Pinch Hitting: RHB Pinkney Hines 0-0: Ball
1-0: Swinging Strike
1-1: Ball
2-1: Foul Ball, location: 2F
2-2: Ball
3-2: Fly out, F8 (Flyball, 8RD, EV 96.3 MPH)
Batting: RHB Jordi Ortiz 0-0: Ball
1-0: Grounds into double play, 5-4-3 (Groundball, 56, EV 83.1 MPH)
Top of the 9th over - 0 runs, 1 hit, 0 errors, 1 left on base; Minnesota 1 - Cleveland 3
Thursday, April 18th , 2024 - OOTP Baseball 24.11 Build 85